[Event "ICCopen2017"]
[Site "Internet Chess Club"]
[Date "2017.03.19"]
[Round "11"]
[White "Pachec"]
[Black "niftyleopard"]
[Result "1-0"]
[ICCResult "Black forfeits on time"]
[WhiteElo "1415"]
[BlackElo "1244"]
[Opening "Réti opening"]
[ECO "A06"]
[NIC "QP.09"]
[Time "21:14:28"]
[TimeControl "180+0"]

1. Nf3 d5 2. e3 Nc6 3. d4 Nf6 4. Bb5 Bg4 5. Bxc6+ bxc6 6. O-O e6 7. Nbd2 c5
8. c3 cxd4 9. cxd4 c5 10. Qa4+ Qd7 11. Qxd7+ Kxd7 12. dxc5 Bxc5 13. Ne5+ Ke7
14. Nb3 Bd6 15. Nxg4 Nxg4 16. h3 Nf6 17. Bd2 Ne4 18. Be1 Rac8 19. f3 Nf6 20.
Bc3 Rhd8 21. Rac1 g6 22. Nd4 Nd7 23. Ba5 Nb6 24. Nc6+ Kd7 25. Nxd8 Rxd8 26.
Bxb6 axb6 27. a3 Bc5 28. Rfe1 d4 29. b4 Be7 30. exd4 Bg5 31. Rc4 Kd6 32. Re5
Bf6 33. Rb5 Ke7 34. Kh2 Bxd4 35. Rc7+ Kd6 36. Rxf7 Be5+ 37. Kg1 Bd4+ 38. Kf1
Kc6 39. a4 Bc3 40. Rxh7 Bd4 41. Ke2 Bf6 42. h4 Rd4 43. h5 gxh5 44. Rhxh5 Rc4
45. a5 bxa5 46. bxa5 Ra4 47. Rb6+ Kd7 48. Rb7+ Kc6 49. Rf7 Bc3 50. Re7 Rxa5
51. Rxa5 Bxa5 52. Rxe6+ Kd5 53. Ra6 Bc7 54. Kd3 Bd6 55. g4 Ke6 56. Ke4 Ke7
57. f4 Bxf4 58. Kxf4 Kf7 59. Kf5 Kg7 60. g5 Kf7 61. g6+ Kg7 62. Kg5 Kg8 63.
Ra7 {Black forfeits on time} 1-0

[Event "ICCopen2017"]
[Site "Internet Chess Club"]
[Date "2017.03.19"]
[Round "11"]
[White "leole51"]
[Black "notetengomiedo"]
[Result "0-1"]
[ICCResult "White forfeits on time"]
[WhiteElo "1680"]
[BlackElo "1772"]
[Opening "French: Steinitz, Boleslavsky variation"]
[ECO "C11"]
[NIC "FR.04"]
[Time "21:14:29"]
[TimeControl "180+0"]

1. e4 e6 2. d4 d5 3. Nc3 Nf6 4. e5 Nfd7 5. f4 c5 6. Nf3 Nc6 7. Be3 cxd4 8.
Nxd4 Bc5 9. Qd2 Nxd4 10. Bxd4 Bxd4 11. Qxd4 Qb6 12. O-O-O Qxd4 13. Rxd4 Nb6
14. h4 Bd7 15. h5 Ke7 16. h6 g6 17. Be2 Rac8 18. Nd1 f6 19. Ne3 fxe5 20.
fxe5 Rhf8 21. Ng4 Rf5 22. Bd3 Rg5 23. Rf4 Rf8 24. Rxf8 Kxf8 25. Rf1+ Ke7 26.
Nf6 Rxe5 27. Bxg6 Bb5 28. Rf2 Nd7 29. Nxd7 Bxd7 30. Rf7+ Kd6 31. Rxh7 Rg5
32. Bd3 Rxg2 33. Rg7 Rh2 34. h7 e5 35. Rg8 e4 36. h8=Q Rxh8 37. Rxh8 exd3
38. cxd3 Bc6 39. Rh6+ Kc5 40. Kd2 Kd4 41. Rh4+ Kc5 42. Ke3 a6 43. a3 Kd6 44.
Rh7 Kc5 45. Rh6 a5 46. Kd2 a4 47. Kc3 Kb5 48. d4 Kb6 49. Rd6 Kb5 50. Rd8 Kb6
51. Rh8 Kc7 52. Rh6 Kb6 53. Kb4 Kc7 54. Rf6 Kb6 {White forfeits on time} 0-1

[Event "ICCopen2017"]
[Site "Internet Chess Club"]
[Date "2017.03.19"]
[Round "11"]
[White "bennywins"]
[Black "P10"]
[Result "0-1"]
[ICCResult "White checkmated"]
[WhiteElo "1446"]
[BlackElo "1539"]
[Opening "Sicilian: dragon variation"]
[ECO "B70"]
[NIC "SI.15"]
[Time "21:15:04"]
[TimeControl "180+0"]

1. e4 c5 2. Nf3 d6 3. d4 cxd4 4. Nxd4 Nf6 5. Nc3 g6 6. Bd3 Bg7 7. Be3 O-O 8.
Qd2 Ng4 9. Bg5 Bxd4 10. f3 Nf2 11. Rf1 Nxd3+ 12. Qxd3 Bg7 13. h4 h5 14. g4
hxg4 15. fxg4 Bxg4 16. Rg1 Bh5 17. Ne2 Bxb2 18. Nf4 Bxa1 19. Nxh5 Qb6 20.
Rg2 Nc6 21. Nf4 Ne5 22. Qh3 Rfc8 23. h5 Qb1+ 24. Kf2 Rxc2+ 25. Kg3 Rxg2+ 26.
Nxg2 Qd3+ 27. Ne3 Bd4 28. hxg6 Nxg6 29. Kg4 Qxe4+ 30. Kh5 Bxe3 31. Bxe3 Nf4+
32. Kg4 Nxh3+ 33. Kxh3 Qxe3+ 34. Kh4 Rc8 35. a4 Rc4+ 36. Kh5 Rf4 37. Kh6 Qg1
38. Kh5 Rf2 39. Kh4 Rh2# {White checkmated} 0-1

[Event "ICCopen2017"]
[Site "Internet Chess Club"]
[Date "2017.03.19"]
[Round "11"]
[White "dfvm"]
[Black "SWAT-TEAM"]
[Result "1-0"]
[ICCResult "Black forfeits on time"]
[WhiteElo "2027"]
[BlackElo "1861"]
[Opening "KP: Nimzovich defense"]
[ECO "B00"]
[NIC "VO.06"]
[Time "21:14:22"]
[TimeControl "180+0"]

1. e4 Nc6 2. d4 d5 3. exd5 Qxd5 4. Nf3 Bg4 5. Nc3 Bxf3 6. Nxd5 Bxd1 7. Nxc7+
Kd8 8. Nxa8 Bg4 9. Bf4 e5 10. dxe5 Be6 11. O-O-O+ Kc8 12. Bb5 Bc5 13. Bg5
Nge7 14. f3 Kb8 15. g4 Kxa8 16. f4 h6 17. Bxe7 Nxe7 18. Kb1 Bxg4 19. Rd3 a6
20. Bd7 Be2 21. Rg3 g6 22. Bg4 Bb5 23. Rd1 Kb8 24. Rg2 h5 25. Bf3 Rc8 26.
Rgd2 Be3 27. Rd8 Bxf4 28. Rxc8+ Kxc8 29. e6 fxe6 30. Re1 e5 31. Be4 Bc6 32.
Bxc6 Nxc6 33. c3 Ne7 34. h3 Kd7 35. Kc2 Ke6 36. Kd3 Nf5 37. Ke4 Ng3+ 38. Kf3
Nf5 39. Ke4 Nd6+ 40. Kf3 Nc4 41. b3 Nd2+ 42. Kg2 e4 43. Re2 Kf5 44. c4 Nf3
45. b4 Nh4+ 46. Kg1 Ke5 47. c5 Nf3+ 48. Kg2 Nd4 49. Re1 Nc6 50. a3 Nd4 51.
a4 Bd2 52. Re2 Bxb4 53. Re3 Nf5 54. Re2 Bxc5 55. Kf1 Nd4 56. Re1 Nf3 57. Re2
Bd4 58. Kg2 Nh2 59. Kxh2 Kf4 60. Kg2 Be5 61. Re1 e3 62. Rf1+ Ke4 63. Re1 Bf4
64. Kf1 Kd3 65. Re2 Kd4 66. Re1 Ke4 67. Ke2 {Black forfeits on time} 1-0

[Event "ICCopen2017"]
[Site "Internet Chess Club"]
[Date "2017.03.19"]
[Round "11"]
[White "Persi"]
[Black "icewoman"]
[Result "0-1"]
[ICCResult "White forfeits on time"]
[WhiteElo "1220"]
[BlackElo "1088"]
[Opening "Pirc defense"]
[ECO "B07"]
[NIC "PU.08"]
[Time "21:14:36"]
[TimeControl "180+0"]

1. e4 d6 2. d4 Nf6 3. Nc3 Nbd7 4. Bd3 e5 5. d5 Be7 6. Nf3 c6 7. O-O Qc7 8.
Ne2 h6 9. c4 g5 10. h3 Nf8 11. b4 Ng6 12. Bb2 Nf4 13. Nxf4 gxf4 14. Rc1 Rg8
15. b5 Nh7 16. bxc6 bxc6 17. Qa4 Ng5 18. Nxg5 hxg5 19. Qxc6+ Qxc6 20. dxc6
g4 21. hxg4 Rxg4 22. f3 Rh4 23. Ba3 Rb8 24. c5 dxc5 25. Bxc5 Bxc5+ 26. Rxc5
Rb6 27. Rxe5+ Kd8 28. Rd5+ Kc7 29. Rc1 Rb2 30. a4 Rd2 31. Bb5 Rxd5 32. exd5
Kd6 33. Re1 Kc5 34. Re8 Bf5 35. c7 Kxd5 36. c8=Q Bxc8 37. Rxc8 Kd4 38. Rc7
Ke3 39. Rc3+ Kd2 40. Rd3+ Ke1 41. Rd7 f6 42. Rf7 a6 43. Rxf6 Rh5 44. Rxf4
Rxb5 45. axb5 axb5 {White forfeits on time} 0-1

[Event "ICCopen2017"]
[Site "Internet Chess Club"]
[Date "2017.03.19"]
[Round "11"]
[White "Parsifal"]
[Black "arshavin2015"]
[Result "1/2-1/2"]
[ICCResult "White ran out of time and Black has no material to mate"]
[WhiteElo "2330"]
[BlackElo "2044"]
[Opening "Robatsch (modern) defense"]
[ECO "B06"]
[NIC "KF.06"]
[Time "21:14:41"]
[TimeControl "180+0"]

1. e4 g6 2. Nc3 Bg7 3. Bc4 c6 4. Bb3 b5 5. d3 b4 6. Nce2 d5 7. Nf3 Bg4 8.
Ng3 e6 9. a3 bxa3 10. Rxa3 Nf6 11. Qe2 O-O 12. O-O Qb6 13. Be3 Qc7 14. Bc5
Re8 15. Rfa1 a6 16. e5 Nfd7 17. Bd6 Qb7 18. d4 c5 19. c3 Nc6 20. Ba4 cxd4
21. Rb3 Qc8 22. Bxc6 Qxc6 23. Nxd4 Qxd6 24. exd6 Bxe2 25. Ngxe2 Be5 26. Rb7
Nc5 27. Rb6 Ne4 28. d7 Red8 29. Nc6 Bc7 30. Rbxa6 Rxa6 31. Rxa6 Rxd7 32. f3
Nf6 33. b4 e5 34. b5 d4 35. cxd4 exd4 36. Nexd4 Be5 37. Nxe5 Rxd4 38. Rxf6
Rd1+ 39. Kf2 Rb1 40. b6 Rb2+ 41. Kg3 Rb5 42. Nd7 Kg7 43. Rc6 h5 44. Rc7 g5
45. h4 gxh4+ 46. Kh2 Rb2 47. b7 Kg6 48. Kh3 Rxb7 49. Kh2 f5 50. Rxb7 h3 51.
Nf8+ Kf6 52. Kxh3 Ke5 53. Rh7 Kf4 54. Rxh5 Ke5 55. Rxf5+ Kxf5 56. g4+ Kf6
57. Kh4 Ke7 58. f4 Kxf8 59. f5 Kg7
{White ran out of time and Black has no material to mate}
1/2-1/2

[Event "ICCopen2017"]
[Site "Internet Chess Club"]
[Date "2017.03.19"]
[Round "11"]
[White "sanguine"]
[Black "cheslikeyomama"]
[Result "1-0"]
[ICCResult "Black forfeits on time"]
[WhiteElo "1129"]
[BlackElo "1315"]
[Opening "Robatsch (modern) defense"]
[ECO "B06"]
[NIC "KF.06"]
[Time "21:15:26"]
[TimeControl "180+0"]

1. e4 g6 2. Nf3 Bg7 3. Bc4 d6 4. d3 Nh6 5. O-O O-O 6. Nc3 Nd7 7. Ne2 c5 8.
c3 Kh8 9. Nf4 e5 10. Bxf7 Rxf7 11. Nxg6+ hxg6 12. Ng5 Nf6 13. Nxf7+ Nxf7 14.
f4 Kg8 15. f5 gxf5 16. exf5 d5 17. Qf3 Qd6 18. Qg3 e4 19. Qg6 exd3 20. Bf4
Qb6 21. Kh1 c4 22. Rf3 Qc5 23. Rg3 Qf8 24. Qxf6 Nh8 25. Rxg7+ Qxg7 26. Qd8+
Kh7 27. Rf1 Nf7 28. Qh4+ Kg8 29. f6 Qg6 30. Rf3 Bf5 31. Rg3
{Black forfeits on time}
1-0

[Event "ICCopen2017"]
[Site "Internet Chess Club"]
[Date "2017.03.19"]
[Round "11"]
[White "leonardoalmeida"]
[Black "Dabo"]
[Result "1-0"]
[ICCResult "Black forfeits on time"]
[WhiteElo "1863"]
[BlackElo "1958"]
[Opening "Van't Kruijs opening"]
[ECO "A00"]
[Time "21:14:41"]
[TimeControl "180+0"]

1. e3 e5 2. b3 d5 3. Qh5 Bd6 4. Bb2 Nf6 5. Qg5 Qe7 6. f3 O-O 7. Be2 c5 8. a3
Nc6 9. Nh3 Re8 10. Qg3 e4 11. f4 d4 12. O-O a6 13. a4 b6 14. Na3 Bc7 15. Kh1
Rb8 16. Nf2 Nd5 17. Kg1 f5 18. Bc4 Qd6 19. Nh3 h6 20. Kh1 Kh8 21. Qh4 Bd8
22. Qh5 Bd7 23. Ng5 Rf8 24. Nf7+ Rxf7 25. Qxf7 Be6 26. Qg6 Bf6 27. Rab1 Qd7
28. Qg3 Nce7 29. Bxa6 Nb4 30. Bb5 Qd8 31. Rfc1 Kh7 32. Bc4 Bd7 33. Bb5 Be6
34. Bc4 Bd7 35. Be2 Ng6 36. Bh5 Nf8 37. Nc4 d3 38. Bxf6 Qxf6 39. cxd3 Nxd3
40. Rf1 g6 41. Be2 Be6 42. Bxd3 exd3 43. Ne5 Bd5 44. b4 {Black forfeits on
time} 1-0

[Event "ICCopen2017"]
[Site "Internet Chess Club"]
[Date "2017.03.19"]
[Round "11"]
[White "Kusox"]
[Black "zoujun1966"]
[Result "1-0"]
[ICCResult "Black forfeits on time"]
[WhiteElo "2165"]
[BlackElo "1675"]
[Opening "Queen's pawn game"]
[ECO "A46"]
[NIC "QP.06"]
[Time "21:14:37"]
[TimeControl "180+0"]

1. d4 Nf6 2. Nf3 e6 3. c3 d5 4. Bf4 Be7 5. e3 O-O 6. Bd3 c5 7. O-O Nc6 8.
Nbd2 Nh5 9. Bg3 Nxg3 10. hxg3 Bd6 11. Qe2 Qe7 12. dxc5 Bxc5 13. b4 Bd6 14.
a3 f5 15. c4 dxc4 16. Bxc4 Kh8 17. Rad1 Ne5 18. Nxe5 Bxe5 19. Nf3 Bb8 20. e4
f4 21. gxf4 Bxf4 22. e5 a5 23. Qe4 axb4 24. Bd3 g6 25. axb4 Bh6 26. Bc2 Ra2
27. Bb1 Rb2 28. Rd6 Rf4 29. Qd3 Rbxb4 30. Rd8+ Rf8 31. Rd1 Rb2 32. Qd6 Qxd6
33. R8xd6 Re8 34. Be4 Bf8 35. Rd8 Rxd8 36. Rxd8 Kg7 37. Rxc8 b5 38. Rc7+ Kh6
39. g4 b4 40. Kg2 b3 41. Rf7 Bc5 42. g5+ Kh5 43. Rxh7+ Kg4 44. Nh2+ Kxg5 45.
Rg7 Rxf2+ 46. Kh3 b2 47. Rxg6+ Kh5 48. Rg1 Rf4 49. Bg6+ Kh6 50. Ng4+ Rxg4
51. Rxg4 b1=Q 52. Bxb1 Be3 53. Rg6+ Kh5 54. Rxe6 Bf4 55. Re8 Bd2 56. e6 Bc1
57. Ba2 Bd2 58. Rc8 Bc1 59. Rc4 Bd2 60. Re4 Be3 61. Rxe3
{Black forfeits on time}
1-0

[Event "ICCopen2017"]
[Site "Internet Chess Club"]
[Date "2017.03.19"]
[Round "11"]
[White "devotional"]
[Black "Burning-Bush"]
[Result "1-0"]
[ICCResult "Black forfeits on time"]
[WhiteElo "2056"]
[BlackElo "1877"]
[Opening "Sicilian: O'Kelly variation"]
[ECO "B28"]
[NIC "SI.43"]
[Time "21:14:49"]
[TimeControl "180+0"]

1. e4 c5 2. Nf3 a6 3. a4 e6 4. g3 Nc6 5. Bg2 g6 6. O-O Bg7 7. c3 d6 8. d4
cxd4 9. cxd4 Nge7 10. Nc3 O-O 11. Be3 e5 12. d5 Na5 13. b4 Nc4 14. Bg5 Bd7
15. Nd2 Rc8 16. Nb3 h6 17. Bxe7 Qxe7 18. Qd3 Qg5 19. Rfc1 f5 20. h4 Qg4 21.
Bf3 Qh3 22. Bg2 Qg4 23. Rc2 f4 24. Bf3 Qh3 25. Bg2 Qg4 26. Kh2 fxg3+ 27.
Qxg3 Qh5 28. Bh3 Bxh3 29. Qxh3 Rc7 30. Nd1 b5 31. axb5 axb5 32. Na5 Rcf7 33.
Nxc4 bxc4 34. Ra3 Bf6 35. Rf3 Bxh4 36. Rxf7 Rxf7 37. Ne3 Bxf2 38. Qxh5 gxh5
39. Nxc4 Bd4 40. Nxd6 Rd7 41. Nf5 Kh7 42. Rc6 Rb7 43. Nxd4 exd4 44. Rc4 d3
45. Rd4 d2 46. e5 d1=Q 47. Rxd1 Rxb4 48. d6 Rb8 49. Kg3 Rd8 50. Kf4 Kg6 51.
d7 {Black forfeits on time} 1-0

[Event "ICCopen2017"]
[Site "Internet Chess Club"]
[Date "2017.03.19"]
[Round "11"]
[White "KnightWalker"]
[Black "rotyi59"]
[Result "0-1"]
[ICCResult "White checkmated"]
[WhiteElo "1404"]
[BlackElo "1517"]
[Opening "Robatsch (modern) defense"]
[ECO "B06"]
[NIC "KF.05"]
[Time "21:16:25"]
[TimeControl "180+0"]

1. e4 g6 2. d4 Bg7 3. Nf3 d6 4. h3 Nd7 5. Bb5 e5 6. d5 Ne7 7. Bg5 O-O 8. O-O
f6 9. Be3 f5 10. Nc3 f4 11. Bd2 Nf6 12. Kh2 h6 13. a3 g5 14. Ng1 g4 15. h4
Ng6 16. g3 Nh5 17. Be2 f3 18. Bb5 Nxh4 19. Be3 Ng2 20. Qd2 Kh7 21. b4 Nhf4
22. Bd3 Qg5 23. Nh3 Qh5 24. Bxf4 Qxh3+ 25. Kg1 Nxf4 26. Ne2 Qg2#
{White checkmated}
0-1

[Event "ICCopen2017"]
[Site "Internet Chess Club"]
[Date "2017.03.19"]
[Round "11"]
[White "Federicov"]
[Black "Indiana-Jones"]
[Result "1-0"]
[ICCResult "Black checkmated"]
[WhiteElo "3091"]
[BlackElo "2778"]
[Opening "Catalan opening"]
[ECO "E00"]
[NIC "CA.01"]
[Time "21:15:19"]
[TimeControl "180+0"]

1. d4 Nf6 2. c4 e6 3. g3 Bb4+ 4. Bd2 Qe7 5. Nf3 b6 6. Nc3 Bb7 7. Bg2 O-O 8.
O-O d6 9. Qc2 Nbd7 10. Rfe1 Bxc3 11. Bxc3 Be4 12. Qd2 h6 13. b3 a5 14. Rac1
Rfe8 15. Bb2 Rac8 16. Qc3 Ba8 17. Qc2 Be4 18. Qd2 Red8 19. Red1 Ra8 20. Qe3
Bb7 21. Bf1 Re8 22. Nd2 c5 23. f3 d5 24. dxc5 bxc5 25. cxd5 Nxd5 26. Qf2 a4
27. Nc4 axb3 28. axb3 Ra2 29. Rd2 Raa8 30. e4 Nb4 31. Nd6 Reb8 32. Rcd1 Nf8
33. Bc4 Ba6 34. Qxc5 Bxc4 35. Qxc4 Na6 36. Kg2 Kh7 37. h4 f6 38. h5 Rb4 39.
Qc6 Nc7 40. Nc4 Ra6 41. Rd7 Nxd7 42. Qxc7 Qc5 43. Rxd7 Qxc7 44. Rxc7 Ra2 45.
Kh3 e5 46. Bc3 Rxb3 47. Ne3 Raa3 48. Nd5 Kg8 49. Rc8+ Kf7 50. Bb4 Ra1 51.
Kg4 Ke6 52. Rc7 f5+ 53. Kh3 Rb2 54. Re7# {Black checkmated} 1-0

[Event "ICCopen2017"]
[Site "Internet Chess Club"]
[Date "2017.03.19"]
[Round "11"]
[White "subterfuge"]
[Black "bythebook"]
[Result "1-0"]
[ICCResult "Black checkmated"]
[WhiteElo "1530"]
[BlackElo "1540"]
[Opening "King's Indian: Sämisch, 5...O-O"]
[ECO "E81"]
[NIC "KI.54"]
[Time "21:15:19"]
[TimeControl "180+0"]

1. d4 Nf6 2. c4 g6 3. Nc3 Bg7 4. e4 d6 5. f3 O-O 6. Be3 c5 7. Qd2 Nc6 8. d5
Ne5 9. Bd3 Nfd7 10. Nge2 Nxd3+ 11. Qxd3 Ne5 12. Qc2 Nxc4 13. Bg5 h6 14. Bh4
a6 15. O-O Ne3 16. Qd2 Nxf1 17. Rxf1 b5 18. f4 b4 19. Nd1 Bd7 20. f5 g5 21.
Bg3 Bf6 22. Nf2 Bb5 23. Ng4 Kg7 24. Rd1 a5 25. h4 h5 26. hxg5 hxg4 27. gxf6+
exf6 28. Nf4 Rg8 29. Nh5+ Kf8 30. Qh6+ Ke8 31. Nxf6+ Ke7 32. Nxg8+ Qxg8 33.
Qxd6+ Ke8 34. f6 Qf8 35. Qb6 Bd7 36. Bd6 Qh6 37. Qxc5 Rc8 38. Bc7 g3 39.
Qe7# {Black checkmated} 1-0

[Event "ICCopen2017"]
[Site "Internet Chess Club"]
[Date "2017.03.19"]
[Round "11"]
[White "findles"]
[Black "Svinotigr"]
[Result "0-1"]
[ICCResult "White forfeits on time"]
[WhiteElo "1806"]
[BlackElo "1722"]
[Opening "Philidor: Hanham variation"]
[ECO "B07"]
[NIC "VO.17"]
[Time "21:14:52"]
[TimeControl "180+0"]

1. e4 d6 2. d4 Nd7 3. Nf3 e5 4. Nc3 g6 5. Be3 Bg7 6. Qd2 Ngf6 7. h3 O-O 8.
O-O-O Qe7 9. dxe5 dxe5 10. g4 c6 11. g5 Nh5 12. h4 Re8 13. Kb1 a5 14. Nh2
Nc5 15. Be2 Nf4 16. Ng4 b5 17. Nf6+ Bxf6 18. gxf6 Qf8 19. Bxf4 exf4 20. Qxf4
b4 21. h5 bxc3 22. hxg6 fxg6 23. e5 Be6 24. Rd6 Rad8 25. Qd4 Rxd6 26. exd6
Nd7 27. Qxc3 Qxf6 28. Qxc6 Kg7 29. Bc4 Bxc4 30. Qxd7+ Qf7 31. Qxf7+ Bxf7 32.
Rd1 Rd8 33. b3 Kf6 34. c4 Rc8 35. Kb2 Ke6 36. c5 Be8 37. Rc1 Bc6 38. a3 Rb8
39. Kc3 Rb5 40. b4 axb4+ 41. axb4 Rb8 42. Re1+ Kd7 43. Re7+ Kd8 44. Rxh7 Rb7
45. Rh8+ Kd7 46. Rh6 Ke6 47. Rxg6+ Kf5 48. Rg8 Ke4 49. Rc8 Kf3 50. Rxc6 Ke2
51. Rc7 Kf1 {White forfeits on time} 0-1

[Event "ICCopen2017"]
[Site "Internet Chess Club"]
[Date "2017.03.19"]
[Round "11"]
[White "zxgifteD"]
[Black "arnav311004"]
[Result "1-0"]
[ICCResult "Black checkmated"]
[WhiteElo "2164"]
[BlackElo "1698"]
[Opening "Sicilian: closed"]
[ECO "B23"]
[NIC "SI.44"]
[Time "21:15:00"]
[TimeControl "180+0"]

1. e4 c5 2. Nc3 d6 3. d4 cxd4 4. Qxd4 Nf6 5. Bg5 e6 6. O-O-O Nc6 7. Bb5 Bd7
8. Bxc6 Bxc6 9. f4 Be7 10. Nf3 O-O 11. e5 dxe5 12. fxe5 Nd5 13. Ne4 Bxg5+
14. Nfxg5 h6 15. Nf3 Qa5 16. Kb1 Rfd8 17. Nd6 Nb4 18. a3 Na6 19. Qf4 Qc7 20.
Nd4 Bd5 21. N4b5 Qe7 22. c4 Bc6 23. Nd4 Be8 24. g4 Nc5 25. h4 Nd7 26. Nf3
Nf8 27. h5 Nh7 28. Rhf1 Bc6 29. Nd4 Be8 30. Nf3 Bc6 31. Nd2 Ng5 32. Nb3 b6
33. Nd4 Be8 34. Nf3 Rd7 35. Nxg5 hxg5 36. Qe4 Rad8 37. h6 g6 38. h7+ Kh8 39.
Qe3 Rxd6 40. exd6 Rxd6 41. Qe5+ f6 42. Qxd6 Qf7 43. Qd8 Kxh7 44. Rxf6 Qg8
45. Rh1+ Kg7 46. Qe7+ Bf7 47. Rxe6 Qc8 48. Qf6+ Kf8 49. Rh8# {Black
checkmated} 1-0

[Event "ICCopen2017"]
[Site "Internet Chess Club"]
[Date "2017.03.19"]
[Round "11"]
[White "marabu"]
[Black "marinocid"]
[Result "1-0"]
[ICCResult "Black forfeits on time"]
[WhiteElo "2117"]
[BlackElo "1866"]
[Opening "Réti opening"]
[ECO "A04"]
[NIC "QP.10"]
[Time "21:15:21"]
[TimeControl "180+0"]

1. Nf3 c5 2. b3 Nc6 3. Bb2 d5 4. e3 Bg4 5. Be2 Bxf3 6. Bxf3 e5 7. d3 Nf6 8.
Nd2 Bd6 9. e4 d4 10. a4 O-O 11. O-O a6 12. Nc4 Bc7 13. g3 b5 14. Nd2 Ba5 15.
Bg2 Bxd2 16. Qxd2 Qc7 17. Qe2 h6 18. f4 Rfe8 19. Bc1 Rab8 20. f5 Nb4 21. g4
c4 22. g5 cxd3 23. cxd3 hxg5 24. Bxg5 Nh7 25. Rac1 Qa5 26. Bd2 bxa4 27. bxa4
Qxa4 28. f6 Nxf6 29. Rxf6 gxf6 30. Bh6 Qd7 31. Qh5 Rbc8 32. Rf1 f5 33. Bh3
f6 34. Bxf5 Qf7 35. Bg6 Qe6 36. Kh1 Re7 37. Rg1 Nxd3 38. Bf7+
{Black forfeits on time}
1-0

[Event "ICCopen2017"]
[Site "Internet Chess Club"]
[Date "2017.03.19"]
[Round "11"]
[White "CadiZKilleR"]
[Black "vsqk"]
[Result "1/2-1/2"]
[ICCResult "Game drawn because neither player has mating material"]
[WhiteElo "1580"]
[BlackElo "1763"]
[Opening "Queen's pawn: Torre attack"]
[ECO "A46"]
[NIC "QP.04"]
[Time "21:14:48"]
[TimeControl "180+0"]

1. Nf3 Nf6 2. d4 e6 3. Bg5 c5 4. e3 Qb6 5. Qc1 Ne4 6. Bf4 d5 7. dxc5 Bxc5 8.
Nbd2 O-O 9. Nb3 Bb4+ 10. c3 Be7 11. Qc2 Nc6 12. Bd3 f5 13. Ne5 g5 14. Bg3
Bf6 15. Nxc6 bxc6 16. f3 Qxe3+ 17. Qe2 Qxe2+ 18. Kxe2 Nxg3+ 19. hxg3 Be5 20.
g4 Bd7 21. gxf5 exf5 22. Nc5 Bc8 23. Rh6 Bg7 24. Rxc6 Re8+ 25. Kf2 Rb8 26.
Rb1 h5 27. Ba6 Bxa6 28. Nxa6 Rb7 29. Nc5 Rb5 30. Ne6 Bxc3 31. Nc7 Bd4+ 32.
Kf1 Rc8 33. Nxb5 Rxc6 34. Nxd4 Rf6 35. Rc1 g4 36. Rc5 gxf3 37. gxf3 h4 38.
Rxd5 h3 39. Rxf5 h2 40. Rh5 Rd6 41. Rxh2 Rxd4 42. Rf2 Rc4 43. f4 Rc1+ 44.
Kg2 Rc4 45. a3 Rc5 46. f5 Rc6 47. f6 Rc7 48. f7+ Rxf7 49. Rxf7 Kxf7 50. Kf3
Ke6 51. Ke4 Kd6 52. Kd4 Kc6 53. Kc4 Kb6 54. b4 a6 55. b5 axb5+ 56. Kb4 Kc6
57. a4 bxa4 58. Kxa4 {Game drawn because neither player has mating material}
1/2-1/2

[Event "ICCopen2017"]
[Site "Internet Chess Club"]
[Date "2017.03.19"]
[Round "11"]
[White "MaxiBomb"]
[Black "Mamba"]
[Result "1/2-1/2"]
[ICCResult "Game drawn because neither player has mating material"]
[WhiteElo "2143"]
[BlackElo "2555"]
[Opening "English, 1...Nf6 (Anglo-Indian defense)"]
[ECO "A15"]
[NIC "EO.64"]
[Time "21:15:12"]
[TimeControl "180+0"]

1. c4 Nf6 2. g3 c6 3. Bg2 d5 4. Nf3 e6 5. O-O Nbd7 6. b3 Bd6 7. Bb2 O-O 8.
d3 e5 9. Nbd2 e4 10. dxe4 dxe4 11. Nd4 e3 12. fxe3 Ng4 13. Nf5 Be5 14. Bd4
c5 15. Bxe5 Ndxe5 16. Ne4 Qxd1 17. Ne7+ Kh8 18. Rfxd1 Nxe3 19. Rd2 Nxg2 20.
Kxg2 b6 21. Nxc8 Raxc8 22. Rd5 Rce8 23. Nd6 Re6 24. Rf1 f6 25. Nb5 h6 26. h3
a6 27. Nc3 Rfe8 28. e4 Nf7 29. h4 Nd6 30. Rfd1 Nxe4 31. Nxe4 Rxe4 32. Rd6
Re2+ 33. Kh3 Rxa2 34. Rxb6 h5 35. Rc6 Ree2 36. Rh1 Re5 37. Rd1 Ra3 38. Rd5
Rxd5 39. cxd5 Rxb3 40. Rxc5 Rb2 41. Ra5 Rd2 42. Rxa6 Rxd5 43. Ra4 Kh7 44.
Rb4 Rd2 45. Rb5 Kg6 46. Ra5 Re2 47. Rb5 Kh6 48. Ra5 Re5 49. Ra4 g5 50. hxg5+
Kxg5 51. Kg2 Re2+ 52. Kf3 Re5 53. Rb4 Rf5+ 54. Kg2 Re5 55. Kh3 Rd5 56. Ra4
f5 57. Rb4 Rd2 58. Ra4 Rd3 59. Rf4 Re3 60. Rd4 Rf3 61. Rc4 f4 62. Rxf4 Rxf4
63. gxf4+ Kxf4 64. Kh4 Kf5 65. Kxh5
{Game drawn because neither player has mating material}
1/2-1/2

[Event "ICCopen2017"]
[Site "Internet Chess Club"]
[Date "2017.03.19"]
[Round "11"]
[White "Dupinpon"]
[Black "JESSEJOSE"]
[Result "0-1"]
[ICCResult "White forfeits on time"]
[WhiteElo "1577"]
[BlackElo "1594"]
[Opening "Scandinavian (center counter) defense"]
[ECO "B01"]
[NIC "SD.01"]
[Time "21:14:52"]
[TimeControl "180+0"]

1. e4 d5 2. exd5 Qxd5 3. Nc3 Qa5 4. d4 c6 5. Nf3 Bf5 6. Bd3 Bxd3 7. Qxd3 Nf6
8. O-O e6 9. Bd2 Qc7 10. Ne4 Nbd7 11. Ng3 Bd6 12. Rfe1 O-O 13. Qe2 Bxg3 14.
hxg3 Rfe8 15. Bf4 Qb6 16. c3 Nd5 17. Be5 a5 18. Bd6 a4 19. Ne5 Nxe5 20. dxe5
Qb5 21. Qh5 Ne7 22. Re4 Qd3 23. Rae1 Ra5 24. R1e3 Qb1+ 25. Kh2 Nd5 26. Rf3
g6 27. Qh4 b5 28. Rg4 Ra7 29. Qh6 f5 30. exf6 Rf7 31. Be5 Qc2 32. Rh4 Qd1
33. Rd4 Qb1 34. b4 Qxa2 35. c4 Qc2 36. cxd5 cxd5 37. Rdf4 Qc8 38. Rg4 Qd7
39. Rxg6+ hxg6 40. Qxg6+ Rg7 41. Qxe8+ Kh7 42. fxg7 Qxe8 43. Rf8 Qh5+
{White forfeits on time}
0-1